 Dungeon Crawl Stone Soup version 0.29.1-12-g30fa7ad0bf (webtiles) character file.

Game seed: 1437673262038499318

313 xzight the Thrower (level 6, 0/44 HPs)
             Began as a Gnoll Wanderer on Dec 27, 2022.
             Slain by an iguana (7 damage)
             ... on level 4 of the Dungeon.
             The game lasted 00:05:59 (3429 turns).

xzight the Thrower (Gnoll Wanderer)                 Turns: 3429, Time: 00:05:59

Health: 0/44       AC:  5    Str: 15    XL:     6   Next: 43%
Magic:  8/11       EV: 11    Int: 14    God:
Gold:   190        SH:  0    Dex:  7    Spells: 8/12 levels left

rFire   . . .      SeeInvis .   a - +2 hand axe
rCold   . . .      Faith    .   (no shield)
rNeg    . . .      Spirit   .   e - +0 leather armour
rPois   .          Reflect  .   l - +1 helmet
rElec   .          Harm     .   (no cloak)
rCorr   .          Rampage  .   (no gloves)
Will    .....                   (no boots)
Stlth   ++........              (no amulet)
HPRegen 0.14/turn               (no ring)
MPRegen 0.12/turn               (no ring)

@: no status effects
A: fangs 1, strong nose, distributed training
a: no special abilities


You were on level 4 of the Dungeon.
You visited 1 branch of the dungeon, and saw 4 of its levels.

You collected 190 gold pieces.


Innate Abilities, Weirdness & Mutations

You have very sharp teeth.
Your uncanny sense of smell can sniff out nearby items.
Your experience applies equally to all skills.


   Skills:
 + Level 2.0 Fighting
 + Level 2.0 Short Blades
 + Level 2.0 Long Blades
 + Level 6.8 Axes
 + Level 2.0 Maces & Flails
 + Level 2.0 Polearms
 + Level 2.0 Staves
 + Level 2.0 Ranged Weapons
 + Level 8.8 Throwing
 + Level 2.0 Armour
 + Level 2.0 Dodging
 + Level 3.1 Stealth
 + Level 2.0 Shields
 + Level 2.0 Unarmed Combat
 + Level 3.5 Spellcasting
 + Level 1.6 Conjurations
 + Level 1.6 Hexes
 + Level 1.6 Summonings
 + Level 2.7 Necromancy
 + Level 1.6 Translocations
 + Level 1.6 Transmutations
 + Level 1.6 Fire Magic
 + Level 1.6 Ice Magic
 + Level 1.6 Air Magic
 + Level 1.6 Earth Magic
 + Level 1.6 Poison Magic
 + Level 2.2 Invocations
 + Level 2.0 Evocations


You had 8 spell levels left.
You knew the following spells:

 Your Spells              Type           Power      Damage    Failure   Level
a - Necrotise             Necr           40%        1d6       9%          1
b - Vampiric Draining     Necr           10%        2d6       24%         3

Your spell library contained the following spells:

 Spells                   Type           Power      Damage    Failure   Level


Inventory:

Hand Weapons
 a - a +2 hand axe (weapon)
 c - a +0 dagger
Missiles
 b - 11 boomerangs (quivered)
Armour
 e - a +0 leather armour (worn)
 l - a +1 helmet (worn)
 t - a +0 pair of boots
Scrolls
 g - 3 scrolls of identify {unknown}
 h - a scroll of fear {unknown}
 i - 2 scrolls of teleportation {unknown}
 k - a scroll of immolation {unknown}
 n - a scroll of enchant armour {unknown}
Potions
 d - a potion of mutation
 f - a potion of degeneration {unknown}
 j - a potion of berserk rage {unknown}
 m - a potion of haste {unknown}
 o - 2 potions of attraction {unknown}
 p - 3 potions of might {unknown}
 q - a potion of ambrosia {unknown}
 r - a potion of heal wounds {unknown}
 s - 2 potions of resistance {unknown}

Dungeon Overview and Level Annotations

Branches:
Dungeon (4/15)
 Temple: D:4-7

Altars:
Zin

Annotations:
D:3 1 runed translucent door, Crazy Yiuf

## .##.# .....#
#..... #
##.....## ##...
........###....#
#........@l.#
#.#.........####
#.. ░........#
... .░░......#
#.. ⌠.░░.....#
##.░░░░.░░░░....#
#..░.░.░░░.░..###
#.░.♣.░░░.⌠.░†#
##..░.░░░.░.░..#


You could see an iguana.


Message History

The iguana is lightly wounded.
The iguana closely misses you.
You closely miss the iguana. You bite the iguana, but do no damage.
The iguana is lightly wounded.
The iguana barely misses you.
You hit the iguana but do no damage.
The iguana is lightly wounded.
The iguana bites you!
* * * LOW HITPOINT WARNING * * *
You hit the iguana but do no damage.
The iguana is lightly wounded.
The iguana closely misses you.
You hit the iguana.
The iguana is moderately wounded.
You hit the iguana.
The iguana is heavily wounded.
The iguana bites you but does no damage.
You hit the iguana but do no damage.
The iguana is moderately wounded.
The iguana bites you!
* * * LOW HITPOINT WARNING * * *
Sorry, you're not good enough to have a special ability.
Cast which spell? (? or * to list)
The spell is quite dangerous to miscast (24% risk of failure)!
Continue anyway?
Aiming: Vampiric Draining (quite dangerous; 24% risk of failure)
Press: ? - help, Shift-Dir - straight line, f - iguana
Aim: an iguana (moderately wounded)
You draw life force from the iguana!
You feel life coursing into your body. The iguana bites you!
You die...

Skill      XL: |  1  2  3  4  5  6 |
---------------+-------------------+-----
Necromancy     | 2 |  2.7
Invocations    | 1 2 |  2.2
Fighting       | 1 2 |  2.0
Short Blades   | 1 2 |  2.0
Long Blades    | 1 2 |  2.0
Maces & Flails | 1 2 |  2.0
Polearms       | 1 2 |  2.0
Staves         | 1 2 |  2.0
Ranged Weapons | 1 2 |  2.0
Armour         | 1 2 |  2.0
Dodging        | 1 2 |  2.0
Shields        | 1 2 |  2.0
Unarmed Combat | 1 2 |  2.0
Spellcasting   | 3 |  3.5
Conjurations   | 1 |  1.6
Hexes          | 1 |  1.6
Summonings     | 1 |  1.6
Translocations | 1 |  1.6
Transmutations | 1 |  1.6
Fire Magic     | 1 |  1.6
Ice Magic      | 1 |  1.6
Air Magic      | 1 |  1.6
Earth Magic    | 1 |  1.6
Poison Magic   | 1 |  1.6
Evocations     | 1 2 |  2.0
Stealth        | 3 |  3.1
Axes           | |  6.8
Throwing       | |  8.8

Action                   |  1- 3 |  4- 6 || total
-------------------------+-------+-------++-------
Melee: Hand axe          |    92 |   107 ||   199
       Bite              |     6 |     8 ||    14
 Cast: Vampiric Draining |       |     1 ||     1
 Stab: Sleeping          |     2 |     4 ||     6
Armor: Leather armour    |    33 |    34 ||    67
Dodge: Dodged            |    50 |    53 ||   103

Levels and vault maps discovered:
D:1:      heliophobic_arrival_battle_scene, layout_loops_corners,
          dreamdust_ecumenical_altar_grove, st_stairs_11
D:2:      layout_basic, minmay_circle_x
D:3:      layout_basic, zin_angel, uniq_jessica, uniq_crazy_yiuf_cottage
D:4:      layout_cave_pods, grunt_decor_mini_mirrors,
          chequers_serial_rivers_small_a

Notes
Turn   | Place    | Note
-------+----------+-------------------------------------------
     0 | D:1      | xzight the Gnoll Wanderer began the quest for the Orb.
     0 | D:1      | xzight set off with the following items: a +2 hand axe, 8
                  | boomerangs, a +0 dagger, a potion of mutation, a +0 leather
                  | armour; and the following spell memorised: Necrotise; and
                  | the following spells available to memorise: Vampiric
                  | Draining.
     0 | D:1      | Reached XP level 1. HP: 13/13 MP: 4/4
    54 | D:1      | Reached skill level 2 in Necromancy
   257 | D:1      | Reached XP level 2. HP: 19/19 MP: 5/5
   467 | D:1      | Found a faded altar of an unknown god.
   960 | D:1      | Reached XP level 3. HP: 25/25 MP: 7/7
  1563 | D:3      | Reached skill level 1 in Invocations
  1639 | D:3      | Noticed a phantom
  1664 | D:3      | Killed a phantom
  1665 | D:3      | Reached skill level 1 in Fighting
  1665 | D:3      | Reached skill level 1 in Short Blades
  1665 | D:3      | Reached skill level 1 in Long Blades
  1665 | D:3      | Reached skill level 1 in Maces & Flails
  1665 | D:3      | Reached skill level 1 in Polearms
  1665 | D:3      | Reached skill level 1 in Staves
  1665 | D:3      | Reached skill level 1 in Ranged Weapons
  1665 | D:3      | Reached skill level 1 in Armour
  1665 | D:3      | Reached skill level 1 in Dodging
  1665 | D:3      | Reached skill level 1 in Shields
  1665 | D:3      | Reached skill level 1 in Unarmed Combat
  1665 | D:3      | Reached skill level 3 in Spellcasting
  1665 | D:3      | Reached skill level 1 in Conjurations
  1665 | D:3      | Reached skill level 1 in Hexes
  1665 | D:3      | Reached skill level 1 in Summonings
  1665 | D:3      | Reached skill level 1 in Translocations
  1665 | D:3      | Reached skill level 1 in Transmutations
  1665 | D:3      | Reached skill level 1 in Fire Magic
  1665 | D:3      | Reached skill level 1 in Ice Magic
  1665 | D:3      | Reached skill level 1 in Air Magic
  1665 | D:3      | Reached skill level 1 in Earth Magic
  1665 | D:3      | Reached skill level 1 in Poison Magic
  1665 | D:3      | Reached skill level 1 in Evocations
  1665 | D:3      | Reached XP level 4. HP: 10/32 MP: 8/8
  1668 | D:3      | Reached XP level 5. HP: 8/37 MP: 9/9
  2362 | D:3      | Reached skill level 2 in Invocations
  2508 | D:3      | Found a glowing silver altar of Zin.
  2508 | D:3      | Noticed an angel
  2612 | D:3      | Found a runed translucent door.
  2613 | D:3      | Noticed Crazy Yiuf
  2760 | D:3      | Noticed Jessica
  2776 | D:3      | Reached skill level 3 in Stealth
  2776 | D:3      | Reached XP level 6. HP: 25/44 MP: 9/11
  2786 | D:3      | Killed Jessica
  2787 | D:3      | Reached skill level 2 in Fighting
  2787 | D:3      | Reached skill level 2 in Short Blades
  2787 | D:3      | Reached skill level 2 in Long Blades
  2787 | D:3      | Reached skill level 2 in Maces & Flails
  2787 | D:3      | Reached skill level 2 in Polearms
  2787 | D:3      | Reached skill level 2 in Staves
  2787 | D:3      | Reached skill level 2 in Ranged Weapons
  2787 | D:3      | Reached skill level 2 in Armour
  2787 | D:3      | Reached skill level 2 in Dodging
  2787 | D:3      | Reached skill level 2 in Shields
  2787 | D:3      | Reached skill level 2 in Unarmed Combat
  2787 | D:3      | Reached skill level 2 in Evocations
  3254 | D:3      | Learned a level 3 spell: Vampiric Draining
  3428 | D:4      | HP: 3/44 [iguana (12)]
  3429 | D:4      | Slain by an iguana

Vanquished Creatures
  A phantom (D:3)
  A scorpion (D:3)
  An orc priest (D:3)
  Jessica (D:3)
  An orc wizard (D:3)
  4 adders
  A dart slug (D:1)
  3 orcs (D:3)
  11 ball pythons
  8 endoplasms
  2 goblins
  10 hobgoblins
  4 quokkas
  2 bats
  A frilled lizard (D:1)
  4 kobolds
  6 rats
61 creatures vanquished.

Table legend: (Time is in decaauts)
 A = Elapsed time spent in this place.
 B = Non-inter-level travel time spent in this place.
 C = Inter-level travel time spent in this place.
 D = Time resting spent in this place.
 E = Time spent auto-exploring this place.
 F = Levels seen in this place.
 G = Mean time per level.
                   A        B        C        D        E       F      G
               +--------+--------+--------+--------+--------+-----+--------+
         Total |   3422 |   3174 |    248 |    873 |   1796 |   4 |  855.5 |
       Dungeon |   3422 |   3174 |    248 |    873 |   1796 |   4 |  855.5 |
               +--------+--------+--------+--------+--------+-----+--------+

Top non-repeatable levels by time:
     D:3: 1427 daAuts
     D:1: 1171 daAuts
     D:2: 640 daAuts
     D:4: 182 daAuts

Table legend:
 A = Non-vault XP
 B = Vault XP
 C = Vault XP percentage of total XP
 D = Non-vault monster count
 E = Vault monster count
 F = Vault count percentage of total count
                 A         B        C        D         E       F
            +---------+---------+-------+---------+---------+-------
      Total |     387 |      61 |  13.6 |      54 |       7 |  11.5
            +---------+---------+-------+---------+---------+-------
        D:1 |      29 |       6 |  17.1 |      18 |       3 |  14.3
        D:2 |      27 |      18 |  40.0 |      10 |       3 |  23.1
        D:3 |     305 |      37 |  10.8 |      18 |       1 |   5.3
        D:4 |      26 |       0 |   0.0 |       8 |       0 |   0.0
            +---------+---------+-------+---------+---------+-------
